 Dungeon Crawl Stone Soup version 0.32-a0-918-g0f22ef8d61 (webtiles) character file.

Game seed: 11698227059789176723

60 spaghetti the Shooter (level 3, 0/27 HPs)
             Began as a Demonspawn Hunter on Apr 10, 2024.
             Succumbed to a gnoll's poison
             ... on level 2 of the Dungeon.
             The game lasted 00:02:08 (1088 turns).

spaghetti the Shooter (Demonspawn Hunter)           Turns: 1088, Time: 00:02:09

Health: 0/27       AC:  5    Str: 11    XL:     3   Next: 82%
Magic:  2/2        EV: 10    Int: 13    God:
Gold:   104        SH:  0    Dex: 16    Spells: 2/2 levels left

rFire   . . .        a - +0 shortbow
rCold   . . .        (shield currently unavailable)
rNeg    . . .        c - +0 leather armour
rPois   .            k - +2 hat
rElec   .            (no cloak)
rCorr   .            (no gloves)
SInv    .            (no boots)
Will    .....        (no amulet)
Stlth   +            (no ring)
HPRegen 0.24/turn    (no ring)
MPRegen 0.08/turn

%: no passive effects
@: brilliant, lethally poisoned (0 -> -10)
A: big brain 1, horns 1, talons 1, low MP 1
a: no special abilities


You were on level 2 of the Dungeon.
You visited 1 branch of the dungeon, and saw 3 of its levels.

You collected 104 gold pieces.

Inventory:

Hand Weapons
 a - a +0 shortbow (weapon)
 b - a +1 dagger of venom
Armour
 c - a +0 leather armour (worn)
 k - a +2 hat (worn)
Scrolls
 f - a scroll of torment
 h - a scroll of immolation
 i - a scroll of identify
Potions
 d - a potion of might {unknown}


   Skills:
 - Level 2.0 Fighting
 + Level 5.0 Ranged Weapons
 - Level 1.7 Dodging
 - Level 0.8 Stealth


You had 2 spell levels left.
You didn't know any spells.
Your spell library contained the following spells:

 Spells                   Type           Power      Damage    Failure   Level
 Dazzling Flash           Conj/Hex       0%         N/A       77%         3
 Mephitic Cloud           Conj/Alch/Air  0%         N/A       77%         3
 Curse of Agony           Necr           0%         N/A       100%        5
 Silence                  Hex/Air        0%         N/A       100%        5


Dungeon Overview and Level Annotations

Branches:
Dungeon (3/15)

Altars:


Innate Abilities, Weirdness & Mutations

You have an unusually large brain. (Int +2)
You have a pair of small horns on your head.
You have sharp toenails.
Your magical capacity is low. (-10% MP)


Message History

Something closely misses your butterfly.
You swap places.
You feel sick. Something misses your butterfly.
You swap places.
You feel sick.
Something closely misses your butterfly.
You feel sick.
You feel sick.
You feel sick.
You feel sick.
You are no longer poisoned.
You shoot an arrow.
The arrow hits the fungus but does no damage.
You shoot an arrow. The arrow hits the fungus!
The fungus begins to die.
The fungus is lightly damaged.
You shoot an arrow. The arrow hits the fungus!
The fungus is lightly damaged.
You shoot an arrow. The arrow hits the fungus.
The fungus is lightly damaged.
You shoot an arrow. The arrow hits the fungus.
The fungus is lightly damaged.
A nearby fungus withers and dies.
You shoot an arrow.
The arrow hits the fungus but does no damage.
You shoot an arrow. The arrow hits the fungus.
The fungus begins to die.
The fungus is lightly damaged.
You shoot an arrow. The arrow hits the fungus.
The fungus is lightly damaged.
You shoot an arrow. The arrow completely misses the fungus.
You shoot an arrow. The arrow hits the fungus.
The fungus is lightly damaged.
A nearby fungus withers and dies.
The gnoll hits you from afar with a +2 halberd of venom!
You are lethally poisoned!
* * * LOW HITPOINT WARNING * * *
You feel very sick.
* * * LOW HITPOINT WARNING * * *
You feel very sick.
Okay, then.
It was a potion of brilliance.
You feel clever all of a sudden.
You die...

.#.#.......# #.#####.# #.#
.#.#.......# #.# #.# #.#
.#.#.......#######.#####.###.##
.#.###.............##.........#
##'######+...............######
....##.....#############.#
.>..##..†...#...#P#.P.#..#
....##......#.#.#.#.#.#..#
...<##........P.@.gP.P...#
....##......#.#.#P#.#.#..#
....##......#...#_#...#..#
....#####...#.#.#P#.#.#..#
....# #......P...PPP...# ....#
#[.(#.#.#P#.#.#..# #####
#...#.P.#.#...#..#
#..#############.#
#................#


You could see a gnoll.

Vanquished Creatures
  An adder (D:2)
  A ribbon worm (D:2)
  An orc (D:3)
  2 ball pythons
  5 endoplasms
  4 giant cockroaches
  6 goblins
  3 hobgoblins
  A quokka (D:2)
  4 bats
  4 frilled lizards (D:1)
  8 kobolds
  5 rats
45 creatures vanquished.

Notes
Turn   | Place    | Note
-------+----------+-------------------------------------------
     0 | D:1      | spaghetti the Demonspawn Hunter began the quest for the
                  | Orb.
     0 | D:1      | Reached XP level 1. HP: 16/16 MP: 1/1
    70 | D:1      | Reached skill level 4 in Ranged Weapons
    74 | D:1      | Gained mutation: You have an unusually large brain. (Int
                  | +2) [demonic ancestry]
    74 | D:1      | Reached XP level 2. HP: 20/22 MP: 2/2
   448 | D:1      | Reached XP level 3. HP: 23/27 MP: 3/3
   617 | D:2      | Gained mutation: Your magical capacity is low. (-10% MP)
                  | [potion of mutation]
   617 | D:2      | Gained mutation: You have a pair of small horns on your
                  | head. [potion of mutation]
   617 | D:2      | Gained mutation: You have sharp toenails. [potion of
                  | mutation]
   860 | D:2      | Found a faded altar of an unknown god.
   973 | D:2      | Reached skill level 5 in Ranged Weapons
  1087 | D:2      | HP: 1/27 [poisoned by a gnoll]
  1088 | D:2      | Succumbed to a gnoll's poison

Illustrated notes

Levels and vault maps discovered:
D:1:      minmay_arrival_hallway, layout_rooms
D:2:      layout_basic, shapermc_ecumenical_altar_mp_urbaneastern,
          kennysheep_generic_room_4
D:3:      layout_loops_cross, gammafunk_temple_overflow_forgotten,
          lemuel_zombie_altar_kikubaaqudgha, kennysheep_slug_shrine,
          grunt_dithmenos_smoke

Skill      XL: |  1  2  3 |
---------------+----------+-----
Ranged Weapons | 4 5 |  5.0
Fighting       | |  2.0
Dodging        | |  1.7
Stealth        | |  0.8

Action                     || total
---------------------------++-------
   Fire: Shortbow          ||   135
    Use: Scroll            ||     5
         Potion            ||     3
 Armour: Leather armour    ||    35
  Dodge: Dodged            ||    31

Table legend: (Time is in decaauts)
 A = Elapsed time spent in this place.
 B = Non-inter-level travel time spent in this place.
 C = Inter-level travel time spent in this place.
 D = Time resting spent in this place.
 E = Time spent auto-exploring this place.
 F = Levels seen in this place.
 G = Mean time per level.
                   A        B        C        D        E       F      G
               +--------+--------+--------+--------+--------+-----+--------+
         Total |   1117 |   1100 |     17 |     81 |    721 |   3 |  372.3 |
       Dungeon |   1117 |   1100 |     17 |     81 |    721 |   3 |  372.3 |
               +--------+--------+--------+--------+--------+-----+--------+

Top non-repeatable levels by time:
     D:1: 534 daAuts
     D:2: 466 daAuts
     D:3: 116 daAuts
